 Dungeon Crawl Stone Soup version 0.30-a0-321-gf7783e6616 (webtiles) character file.

Game seed: 10146343413718892480

52 Fudda the Trooper (level 3, -3/33 HPs)
             Began as a Draconian Berserker on Oct 27, 2022.
             Was a Believer of Trog.
             Slain by a worm (10 damage)
             ... on level 2 of the Dungeon.
             The game lasted 00:09:28 (833 turns).

Fudda the Trooper (Draconian Berserker)              Turns: 833, Time: 00:09:28

Health: -3/33      AC:  5    Str: 21    XL:     3   Next: 60%
Magic:  3/3        EV: 12    Int:  7    God:    Trog [**....]
Gold:   37         SH:  0    Dex: 10    Spells: 2/2 levels left

rFire   . . .      SeeInvis .    a - +0 spear
rCold   . . .      Faith    .    (no shield)
rNeg    . . .      Spirit   .    (body armour unavailable)
rPois   .          Reflect  .    (helmet restricted)
rElec   .          Harm     .    (no cloak)
rCorr   .          Rampage  .    (no gloves)
Will    .....                    (no boots)
Stlth   +.........               (no amulet)
HPRegen 0.25/turn                (no ring)
MPRegen 0.08/turn                (no ring)

@: lethally poisoned (-3 -> -6)
A: AC +5, unfitting armour, cold-blooded
a: Renounce Religion, Berserk, Trog's Hand


You were on level 2 of the Dungeon.
You worshipped Trog.
Trog was pleased with you.
You visited 1 branch of the dungeon, and saw 2 of its levels.

You collected 37 gold pieces.

Inventory:

Hand Weapons
 a - a +0 spear (weapon)
Scrolls
 b - 2 scrolls of teleportation {unknown}
 d - a scroll of immolation {unknown}
 e - a scroll of noise {unknown}
 g - a scroll of enchant weapon {unknown}
 h - a scroll of identify {unknown}
 j - a scroll of blinking {unknown}
Potions
 c - a potion of brilliance {unknown}
 f - 2 potions of magic {unknown}
 i - 2 potions of curing {unknown}
 k - 2 potions of lignification {unknown}


   Skills:
 + Level 3.9 Fighting
 * Level 3.9 Polearms
 - Level 3.0 Dodging


You had 2 spell levels left.
You didn't know any spells.
Your spell library contained the following spells:

 Spells                   Type           Power      Damage    Failure   Level
 Scorch                   Fire           0%         2d5       56%         2
 Flame Wave               Conj/Fire      0%         2d4       99%         4
 Conjure Ball Lightning   Conj/Air       0%         3x3d6     100%        6
 Summon Cactus Giant      Summ           0%         N/A       100%        6
 Discord                  Hex            0%         N/A       100%        8
 Disjunction              Tloc           0%         N/A       100%        8


Dungeon Overview and Level Annotations

Branches:
Dungeon (2/15)

Altars:


Innate Abilities, Weirdness & Mutations

Your plain brown scales are hard. (AC +5)
You cannot fit into any form of body armour.
You are cold-blooded and may be slowed by cold attacks.


Message History

The endoplasm freezes you.
You are frozen.
You hit the endoplasm.
You kill the endoplasm!
Trog accepts your kill.
You feel sick.
The goblin unwields a +0 dagger of venom.
It stops dripping with poison.
The goblin wields a +0 sling.
The goblin shoots a sling bullet.
The sling bullet hits you.
You are too injured to fight recklessly!
You are too injured to fight recklessly!
You hit the endoplasm.
You kill the endoplasm!
Trog accepts your kill.
You feel sick.
You are no longer poisoned.
You barely miss the goblin. You tail-slap the goblin.
The goblin is heavily wounded.
The goblin unwields a +0 sling.
The goblin wields a +0 dagger of venom.
It begins to drip with poison!
The goblin hits you but does no damage.
You are poisoned.
You closely miss the goblin.
Your tail-slap misses the goblin.
The goblin is heavily wounded.
You feel very sick. The goblin misses you.
You hit the goblin.
You kill the goblin!
Trog accepts your kill.
You feel sick.
You feel sick.
You barely miss the worm. You tail-slap the worm.
The worm is lightly wounded.
You feel sick. The worm closely misses you.
You hit the worm.
The worm is lightly wounded.
You feel sick.
You hit the worm.
The worm is moderately wounded.
You feel sick. The worm bites you!
You die...

. ..###
#..##.###
##
##......#
##..##.##
#..##..#
#..###.###
##.###...#
#.....#.#
##.###.#†#
#@.#
#.#.##
#w##
#....# ..#
##...#
#.## #####
.. ..# ...
...


You could see a worm.

Vanquished Creatures
  An adder (D:2)
  A worm (D:2)
  3 dart slugs
  A ball python (D:2)
  8 endoplasms
  3 giant cockroaches (D:1)
  5 goblins
  A quokka (D:1)
  2 bats (D:1)
  3 frilled lizards
  4 rats (D:2)
32 creatures vanquished.

Notes
Turn   | Place    | Note
-------+----------+-------------------------------------------
     0 | D:1      | Fudda the Draconian Berserker began the quest for the Orb.
     0 | D:1      | Reached XP level 1. HP: 19/19 MP: 1/1
    10 | D:1      | Found a faded altar of an unknown god.
    53 | D:1      | Reached XP level 2. HP: 23/26 MP: 2/2
   539 | D:2      | Reached XP level 3. HP: 23/33 MP: 3/3
   783 | D:2      | Reached ** piety under Trog
   833 | D:2      | Slain by a worm

Illustrated notes

Levels and vault maps discovered:
D:1:      eino_arrival_druids_welcome, layout_rooms,
          ebering_ecumenical_altar_rust
D:2:      layout_rooms

Skill      XL: |  1  2 |
---------------+-------+-----
Dodging        | 3 |  3.0
Fighting       | |  3.9
Polearms       | |  3.9

Action                   || total
-------------------------++-------
Melee: Spear             ||   111
       Tailslap          ||    14
 Stab: Sleeping          ||     1
Armor: Skin              ||    21
Dodge: Dodged            ||    52

Table legend: (Time is in decaauts)
 A = Elapsed time spent in this place.
 B = Non-inter-level travel time spent in this place.
 C = Inter-level travel time spent in this place.
 D = Time resting spent in this place.
 E = Time spent auto-exploring this place.
 F = Levels seen in this place.
 G = Mean time per level.
                   A        B        C        D        E       F      G
               +--------+--------+--------+--------+--------+-----+--------+
         Total |    825 |    825 |      0 |    100 |    505 |   2 |  412.5 |
       Dungeon |    825 |    825 |      0 |    100 |    505 |   2 |  412.5 |
               +--------+--------+--------+--------+--------+-----+--------+

Top non-repeatable levels by time:
     D:1: 483 daAuts
     D:2: 341 daAuts
